 Dungeon Crawl Stone Soup version 0.30-a0-1043-g60ff8d5f49 (webtiles) character file.

Game seed: 8919308189818321064

112304 OrthodoxDeviant the Warrior (level 16, -6/146 HPs)
             Began as a Demonspawn Gladiator on Apr 6, 2023.
             Was a High Priest of Okawaru.
             Mangled by a tarantella (22 damage)
             ... led by a torpor snail
             ... on level 2 of the Spider Nest on Apr 10, 2023.
             The game lasted 01:52:40 (34551 turns).

OrthodoxDeviant the Warrior (Demonspawn Gladiator) Turns: 34551, Time: 01:52:41

Health: -6/146     AC: 22    Str: 29    XL:     16   Next: 11%
Magic:  25/25      EV: 15    Int: 13    God:    Okawaru [*****.]
Gold:   2686       SH:  0    Dex: 20    Spells: 15/15 levels left

rFire   . . .      SeeInvis +    I - +5 executioner's axe of Littef {speed, rPois Int+3}
rCold   . . .      Faith    +    (shield currently unavailable)
rNeg    . . .      Spirit   .    x - +0 chain mail {rF+}
rPois   +          Reflect  .    (helmet unavailable)
rElec   .          Rampage  +    s - +0 cloak of Eteu {-Cast rPois Regen+ Dex+3}
rCorr   .          NoCast   +    K - +0 pair of gloves "Vubey" {rPois rF- Will+++}
Will    ++++.                    (no boots)
Stlth   +                        P - amulet "Ubaus" {Faith Rampage Dex+3}
HPRegen 1.24/turn                l - +4 ring of protection
MPRegen 0.38/turn                H - +6 ring of strength

@: about to teleport, heroic, hasted and slowed, studying 2 skills
A: antennae 3, molten scales 2, ignite blood 2, magic regeneration
a: Renounce Religion, Heroism, Finesse, Duel


You were on level 2 of the Spider Nest.
You worshipped Okawaru.
Okawaru was extremely pleased with you.
You visited 5 branches of the dungeon, and saw 25 of its levels.
You also visited: Gauntlet.

You collected 3266 gold pieces.
You spent 580 gold pieces at shops.

Inventory:

Hand Weapons
 E - a +4 vampiric executioner's axe
 I - the +5 executioner's axe of Littef (weapon) {speed, rPois Int+3}
   (Okawaru gifted it to you on level 1 of the Lair of Beasts)

   Int:       It affects your intelligence (+3).
   rPois:     It protects you from poison.
 N - the +9 lance "Wyrmbane" {slay drac, rPois rF+ rC+ AC+3}
   (You found it on level 12 of the Dungeon)

   AC:        It affects your AC (+3).
   rF:        It protects you from fire.
   rC:        It protects you from cold.
   rPois:     It protects you from poison.
Missiles
 e - a throwing net
 A - 10 boomerangs (quivered)
 D - 2 datura-tipped darts
 L - a silver javelin
 M - 5 javelins
 X - 4 curare-tipped darts
Armour
 s - the +0 cloak of Eteu (worn) {-Cast rPois Regen+ Dex+3}
   (You bought it in a shop on level 2 of the Orcish Mines)

   Dex:       It affects your dexterity (+3).
   rPois:     It protects you from poison.
   -Cast:     It prevents spellcasting.
   Regen:     It increases your rate of health regeneration.
 u - the +1 cloak of Uqidusag {Str+3}
   (You found it in a Gauntlet)

   Str:       It affects your strength (+3).
 w - a +0 pair of gloves
 x - a +0 chain mail of fire resistance (worn)
 y - +0 fire dragon scales
 C - the +2 pair of gloves of Lethargy {Harm *Slow +Blink Str+3 Stlth+}
   (Okawaru gifted it to you on level 5 of the Lair of Beasts)

   Str:       It affects your strength (+3).
   +Blink:    It lets you blink.
   *Slow:     It may slow you when you take damage.
   Harm:      It increases damage dealt and taken.
   Stlth:     It makes you more stealthy.
 K - the +0 pair of gloves "Vubey" (worn) {rPois rF- Will+++}
   (You found it on level 1 of the Lair of Beasts)

   rF:        It makes you vulnerable to fire.
   rPois:     It protects you from poison.
   Will:      It greatly increases your willpower.
 Q - the +3 ring mail of Wonder {+Inv rN+ Dex+4 Stlth-}
   (Okawaru gifted it to you on level 12 of the Dungeon)

   Dex:       It affects your dexterity (+4).
   rN:        It protects you from negative energy.
   +Inv:      It lets you turn invisible.
   Stlth:     It makes you less stealthy.
 V - a +2 ring mail of willpower
Jewellery
 b - the ring "Juumneet" {AC+4 Str+2 Int+3 Dex-5}
   (You found it on level 13 of the Dungeon)

   [ring of protection]

   AC:        It affects your AC (+4).
   Str:       It affects your strength (+2).
   Int:       It affects your intelligence (+3).
   Dex:       It affects your dexterity (-5).
 f - the ring of Plog {rElec Int+6 SInv}
   (You found it in a Gauntlet)

   [ring of intelligence]

   Int:       It affects your intelligence (+6).
   rElec:     It insulates you from electricity.
   SInv:      It lets you see invisible.
 l - a +4 ring of protection (left hand)
 H - a +6 ring of strength (right hand)
 P - the amulet "Ubaus" (around neck) {Faith Rampage Dex+3}
   (You took it off a minotaur in a Gauntlet)

   [amulet of faith]

   It allows you to gain divine favour quickly.
   Dex:       It affects your dexterity (+3).
   Rampage:   It bestows one free step when moving towards enemies.
 Y - a ring of protection from fire
Wands
 c - a wand of paralysis (31)
 g - a wand of mindburst (19)
 r - a wand of polymorph (6)
 J - a wand of flame (8)
 R - a wand of iceblast (9)
 Z - a wand of quicksilver (7)
Scrolls
 i - 3 scrolls of fog
 j - 9 scrolls of teleportation
 n - 5 scrolls of enchant armour
 t - 2 scrolls of identify
 z - 3 scrolls of brand weapon
 T - 2 scrolls of silence
Potions
 a - a potion of degeneration {unknown}
 d - 2 potions of cancellation
 h - 4 potions of haste
 k - a potion of ambrosia {unknown}
 m - 5 potions of might
 o - 2 potions of attraction
 p - 4 potions of curing
 q - 3 potions of invisibility
 B - a potion of lignification {unknown}
 F - 4 potions of mutation
 G - 2 potions of magic {unknown}
 O - 3 potions of flight


   Skills:
 - Level 19.1(24.1) Fighting
 - Level 16.8(22.0) Axes
 - Level 4.1(16.7) Polearms
 - Level 1.7(6.7) Throwing
 * Level 7.1(12.1) Armour
 * Level 4.9(9.9) Dodging
 - Level 12.0 Invocations


You had 15 spell levels left.
You didn't know any spells.
Your spell library contained the following spells:

 Spells                   Type           Power      Damage    Failure   Level
 Freeze                   Ice            0%         1d3       69%         1
 Shock                    Conj/Air       0%         1d3       69%         1
 Slow                     Hex            0%         N/A       69%         1
 Ensorcelled Hibernation  Hex/Ice        0%         N/A       83%         2
 Confusing Touch          Hex            0%         N/A       96%         3
 Frozen Ramparts          Ice            0%         1d1       96%         3
 Hailstorm                Conj/Ice       0%         3d3       96%         3
 Ozocubu's Armour         Ice            0%         N/A       96%         3
 Portal Projectile        Hex/Tloc       0%         N/A       96%         3
 Spider Form              Tmut/Pois      0%         N/A       96%         3
 Swiftness                Air            0%         N/A       96%         3
 Vampiric Draining        Necr           0%         2d6       96%         3
 Vhi's Electric Charge    Tloc/Air       0%         N/A       96%         3
 Volatile Blastmotes      Fire/Tloc      0%         2d10      96%         3
 Airstrike                Air            0%         2d(0-16)  100%        4
 Anguish                  Hex/Necr       0%         N/A       100%        4
 Fulminant Prism          Conj/Hex       0%         3d5       100%        4
 Iskenderun's Mystic Bla  Conj/Tloc      0%         2d3       100%        4
 Alistair's Intoxication  Tmut/Pois      0%         N/A       100%        5
 Arcjolt                  Conj/Air       0%         1d10      100%        5
 Blade Hands              Tmut           0%         N/A       100%        5
 Borgnjor's Vile Clutch   Necr/Erth      0%         N/A       100%        5
 Lee's Rapid Deconstruct  Erth           0%         3d4*      100%        5
 Metabolic Englaciation   Hex/Ice        0%         N/A       100%        5
 Eringya's Noxious Bog    Tmut/Pois      0%         N/A       100%        6
 Plasma Beam              Fire/Air       0%         2x1d11    100%        6
 Ozocubu's Refrigeration  Ice            0%         4d7       100%        7
 Polar Vortex             Ice            0%         N/A       100%        9
 Tukima's Dance           Hex            Unusable   N/A       N/A         3
 Simulacrum               Ice/Necr       Unusable   N/A       N/A         6

Dungeon Overview and Level Annotations

Branches:
Dungeon (15/15)            Temple (1/1) D:5            Lair (5/5) D:9
 Shoals (0/4) Lair:3       Spider (2/4) Lair:2        Slime (0/5) Lair:4
    Orc (2/2) D:9             Elf (0/3) Orc:2        Vaults (0/5) D:13
 Depths (0/4) D:15        Gauntlet (visited)

Altars:
Ashenzari
Cheibriados
Dithmenos
Fedhas
Gozag
Hepliaklqana
Kikubaaqudgha
Makhleb
Nemelex Xobeh
Okawaru
Qazlal
Ru
Sif Muna
Trog
Uskayaw
Vehumet
Wu Jian
Xom
Yredelemnul
Jiyva

Shops:
Orc:2 =*(=

Annotations:
D:6 1 runed translucent door, Tollund's ghost, novice DsVM
D:9 exclusion: orange crystal statue


Innate Abilities, Weirdness & Mutations

You have a pair of large antennae on your head. (SInv)
You are mostly covered in molten scales. (AC +3)
Your demonic aura often causes spilled blood to erupt in flames.
You regenerate magic rapidly.


Message History

The meliai stings you but does no damage.
The tarantella closely misses you.
Unknown command.
Unknown command.
Unknown command.
Unknown command.
You slice the torpor snail!!
The torpor snail is severely wounded.
You slice the meliai!!
You kill the meliai!
Okawaru accepts your kill.
You slash the tarantella! You slice the moth of wrath!!
The tarantella touches you!!
* * * LOW HITPOINT WARNING * * *
The torpor snail bites you!
* * * LOW HITPOINT WARNING * * *
Unknown command.
Unknown command.
Unknown command.
Unknown command.
Unknown command.
Okay, then.
As you read the scroll of teleportation, it crumbles to dust.
You feel strangely unstable. The tarantella touches you.
* * * LOW HITPOINT WARNING * * *
The tarantella closely misses you.
The moth of wrath is engulfed in blazing flames.
The moth of wrath misses you. The redback bites you!
* * * LOW HITPOINT WARNING * * *
You are lethally poisoned!
The redback poisons you! The torpor snail closely misses you.
The moth of wrath is engulfed in blazing flames.
The moth of wrath completely misses you.
The tarantella touches you.
* * * LOW HITPOINT WARNING * * *
Unknown command.
Unknown command.
Unknown command.
You feel better. The tarantella touches you!!
You die...

#....## ##. #.#.## . ..
##### # ..##.. # ......
## .....######## ## ##.
##......##.##.## ###..
#..^wy†.#.^#...###^###
###.s@.........##...#
......s......#^###...###
#......##.†....^#......#
....#.##...^#...#......#
... ## ###..#...##...###
.. ######......>## #
#^......^## ##.........
#..........


You could see a torpor snail (berserk), a moth of wrath, a tarantella (berserk)
and a redback.

Vanquished Creatures
  Jorgrun (D:14)
  Kirke (Lair:4)
  An emperor scorpion (Spider:1)
  Azrael (D:14)
  A minotaur (Gauntlet)
  Josephine (Lair:4)
  A fire dragon (Lair:5)
  3 entropy weavers
  An ogre mage (D:15)
  5 hydras
  An ice dragon (D:13)
  A death knight (D:13)
  A radroach (Spider:2)
  A catoblepas (D:13)
  10 centaur warriors
  9 two-headed ogres
  2 boulder beetles
  A tengu warrior (D:13)
  5 death yaks (Lair:5)
  4 orc high priests (Orc:2)
  2 pharaoh ants (Lair:2)
  4 skeletal warriors (D:12)
  Nergalle (D:9)
  An orb spider (Spider:2)
  A deep troll (D:13)
  2 steelbarb worms
  A wizard (D:14)
  2 orc knights (D:13)
  2 necromancers
  2 lindwurms (Lair:5)
  5 deep elf pyromancers
  4 orc sorcerers
  3 manticores
  6 ugly things
  3 wolf spiders
  2 moths of wrath (Spider:2)
  5 cyclopes
  Maurice (D:8)
  A torpor snail (Spider:2)
  9 black mambas
  A naga mage (D:15)
  2 centaur zombies (D:15)
  14 elephants
  2 demonic crawlers (Lair:2)
  Joseph (D:7)
  4 cane toads
  A smoke demon (Gauntlet)
  An unseen horror (D:12)
  3 molten gargoyles (Lair:5)
  A freezing wraith (D:14)
  An efreet (D:12)
  A centaur skeleton (D:15)
  A red devil (Gauntlet)
  10 komodo dragons
  An ice devil (Gauntlet)
  A queen bee (shapeshifter) (D:13)
  12 trolls
  A hornet (shapeshifter) (D:13)
  A tyrant leech (Gauntlet)
  12 blink frogs
  7 tarantellas
  3 meliai (Spider:2)
  2 polar bears
  20 slime creatures
  A snapping turtle (Lair:3)
  7 dream sheep (Lair:5)
  9 jumping spiders
  9 wyverns
  A shadow (D:12)
  14 culicivoras
  8 wraiths
  4 hogs (Lair:4)
  A basilisk (shapeshifter) (D:13)
  9 basilisks
  55 yaks
  3 steam dragons
  4 fire elementals
  16 redbacks
  5 vampire mosquitoes
  3 swamp worms (Gauntlet)
  2 acid dragons (D:9)
  15 water moccasins
  6 hell hounds
  3 black bears
  20 orc warriors
  9 wolves
  16 centaurs
  8 ogres
  A kobold brigand (D:11)
  12 bullfrogs
  3 scorpions
  3 wights
  A killer bee (D:8)
  3 howler monkeys
  11 electric eels
  4 lava snakes (Lair:5)
  2 crimson imps (Gauntlet)
  11 hounds
  18 jellies
  32 orc priests
  Crazy Yiuf (D:2)
  A boggart zombie (D:15)
  2 gnoll boudas (D:8)
  2 sleepcaps
  3 iguanas (D:6)
  24 orc wizards
  15 gnolls
  5 adders
  A shadow imp (D:5)
  6 white imps
  An ufetubus (D:4)
  5 dart slugs
  72 orcs
  7 ball pythons
  10 endoplasms
  7 giant cockroaches
  9 goblins
  5 hobgoblins
  10 jackals
  10 kobolds
  3 quokkas
  9 bats
  7 frilled lizards
  5 rats (D:1)
760 creatures vanquished.

Vanquished Creatures (others)
  A freezing wraith (D:12)
  37 fungi
  29 plants
67 creatures vanquished.

Grand Total: 827 creatures vanquished

Notes
Turn   | Place    | Note
-------+----------+-------------------------------------------
     0 | D:1      | OrthodoxDeviant the Demonspawn Gladiator began the quest
                  | for the Orb.
     0 | D:1      | Reached XP level 1. HP: 16/16 MP: 1/1
    81 | D:1      | Gained mutation: You have a pair of small antennae on your
                  | head. [demonic ancestry]
    81 | D:1      | Reached XP level 2. HP: 17/23 MP: 2/2
   574 | D:1      | Gained mutation: Your demonic aura sometimes causes spilled
                  | blood to erupt in flames. [demonic ancestry]
   574 | D:1      | Reached XP level 3. HP: 23/28 MP: 3/3
   780 | D:1      | Reached skill level 3 in Fighting
  1554 | D:2      | Gained mutation: You have a pair of antennae on your head.
                  | [demonic ancestry]
  1554 | D:2      | Reached XP level 4. HP: 35/35 MP: 4/4
  2013 | D:2      | Found a runed translucent door.
  2014 | D:2      | Noticed Crazy Yiuf
  2207 | D:2      | Killed Crazy Yiuf
  2372 | D:3      | Reached skill level 4 in Fighting
  2372 | D:3      | Gained mutation: You regenerate magic rapidly. [demonic
                  | ancestry]
  2372 | D:3      | Reached XP level 5. HP: 42/42 MP: 5/5
  2819 | D:3      | Reached XP level 6. HP: 41/49 MP: 6/6
  3530 | D:4      | Reached skill level 5 in Fighting
  3530 | D:4      | Reached skill level 5 in Axes
  4086 | D:5      | Entered Level 5 of the Dungeon
  4198 | D:5      | Gained mutation: You are partially covered in molten
                  | scales. (AC +2) [demonic ancestry]
  4198 | D:5      | Reached XP level 7. HP: 57/57 MP: 7/7
  4268 | D:5      | Found a sacrificial altar of Ru.
  4362 | D:5      | Reached skill level 6 in Fighting
  4812 | D:5      | Found an ornate altar of the Wu Jian Council.
  5120 | D:5      | Found a staircase to the Ecumenical Temple.
  5147 | Temple   | Entered the Ecumenical Temple
  5283 | Temple   | Became a worshipper of Warmaster Okawaru
  5495 | D:6      | Noticed a steam dragon
  5501 | D:5      | Reached XP level 8. HP: 62/65 MP: 8/8
  5655 | D:6      | Reached skill level 7 in Fighting
  5655 | D:6      | Reached skill level 1 in Invocations
  5920 | D:6      | Found a runed translucent door.
  5920 | D:6      | Noticed Tollund's ghost (novice DsVM)
  7159 | D:7      | Noticed Joseph
  7175 | D:7      | Killed Joseph
  7175 | D:7      | Reached * piety under Okawaru
  7176 | D:7      | Reached skill level 8 in Fighting
  7375 | D:7      | Reached XP level 9. HP: 74/74 MP: 10/12
  7842 | D:8      | Reached ** piety under Okawaru
  7907 | D:8      | Reached skill level 9 in Fighting
  8217 | D:8      | Noticed Maurice
  8222 | D:8      | Killed Maurice
  8222 | D:8      | Reached *** piety under Okawaru
  8278 | D:8      | You fall into a shaft and drop 3 floors!
  8287 | D:10     | Entered Level 10 of the Dungeon
  8290 | D:10     | Noticed a two-headed ogre
  8323 | D:10     | Reached skill level 10 in Fighting
  8428 | D:10     | Noticed Nergalle
  8437 | D:10     | Noticed a troll
  8517 | D:9      | Found a staircase to the Orcish Mines.
  8760 | D:8      | Gained mutation: Your demonic aura often causes spilled
                  | blood to erupt in flames. [demonic ancestry]
  8760 | D:8      | Reached XP level 10. HP: 83/85 MP: 13/13
  9142 | D:9      | Reached **** piety under Okawaru
  9580 | D:9      | Reached skill level 10 in Axes
 10136 | D:9      | Reached skill level 11 in Fighting
 11407 | D:9      | Noticed an orange crystal statue
 11526 | D:9      | Found a staircase to the Lair.
 12367 | D:9      | Killed Nergalle
 12376 | D:10     | Reached skill level 12 in Fighting
 12376 | D:10     | Reached XP level 11. HP: 70/95 MP: 14/14
 12602 | D:9      | Received a gift from Okawaru
 12882 | D:10     | Killed a two-headed ogre
 12882 | D:10     | Received a gift from Okawaru
 13962 | D:11     | Noticed a two-headed ogre
 13974 | D:11     | Killed a two-headed ogre
 13974 | D:11     | Reached ***** piety under Okawaru
 14244 | D:11     | Reached skill level 13 in Fighting
 14337 | D:12     | Noticed a skeletal warrior
 14337 | D:12     | Noticed a skeletal warrior
 14337 | D:12     | Noticed a skeletal warrior
 14565 | Lair:1   | Entered Level 1 of the Lair of Beasts
 14568 | Lair:1   | Identified the +0 pair of gloves "Vubey" {rPois rF-
                  | Will+++}
 14876 | Lair:1   | Received a gift from Okawaru
 15560 | Lair:1   | Identified the +5 executioner's axe of Littef {speed, rPois
                  | Int+3} (Okawaru gifted it to you on level 1 of the Lair of
                  | Beasts)
 15560 | Lair:1   | Received a gift from Okawaru
 16143 | Lair:2   | Reached XP level 12. HP: 96/106 MP: 15/15
 16200 | Lair:2   | Reached skill level 14 in Fighting
 16722 | Lair:2   | Found a hole to the Spider Nest.
 16906 | Lair:2   | Identified the -2 cloak "Pidovvus" {rC- Will- rCorr SInv}
                  | (Okawaru gifted it to you on level 2 of the Lair of Beasts)
 16906 | Lair:2   | Received a gift from Okawaru
 18243 | Lair:3   | Reached skill level 5 in Invocations
 18246 | Lair:3   | Reached skill level 15 in Fighting
 18457 | Lair:3   | Found a staircase to the Shoals.
 18823 | Lair:4   | Found a viscous altar of Jiyva.
 18824 | Lair:4   | Found a staircase to the Slime Pits.
 18918 | Lair:4   | Noticed Josephine
 18925 | Lair:4   | Killed Josephine
 18926 | Lair:4   | Gained mutation: You have a pair of large antennae on your
                  | head. (SInv) [demonic ancestry]
 18926 | Lair:4   | Reached XP level 13. HP: 110/116 MP: 15/17
 19202 | Lair:4   | Noticed Kirke
 19648 | Lair:4   | Killed Kirke
 19648 | Lair:4   | Received a gift from Okawaru
 19835 | Lair:5   | Entered Level 5 of the Lair of Beasts
 20622 | D:12     | Reached skill level 16 in Fighting
 20625 | D:12     | Reached ****** piety under Okawaru
 20672 | D:12     | Found a large runed translucent door.
 20672 | D:12     | Found a large runed translucent door.
 20697 | D:12     | Found a large runed translucent door.
 20697 | D:12     | Found a large runed translucent door.
 20771 | D:12     | Identified the +7 quarterstaff of Uceles {drain, Stlth+}
                  | (Okawaru gifted it to you on level 12 of the Dungeon)
 20771 | D:12     | Received a gift from Okawaru
 20870 | D:12     | Reached skill level 15 in Axes
 20917 | D:12     | HP: 4/117 [skeletal warrior/+0 dire flail (24)]
 21250 | D:12     | Found the +8 lance "Wyrmbane" {slay drac, rPois rF+ rC+
                  | AC+3}
 21526 | D:12     | Reached skill level 1 in Polearms
 21588 | D:12     | Identified the +3 ring mail of Wonder {+Inv rN+ Dex+4
                  | Stlth-} (Okawaru gifted it to you on level 12 of the
                  | Dungeon)
 21588 | D:12     | Received a gift from Okawaru
 22871 | D:13     | Found a gate to the Vaults.
 23208 | D:13     | Reached XP level 14. HP: 83/126 MP: 20/20
 23324 | D:13     | Found a broken altar of Ashenzari.
 23418 | D:13     | Received a gift from Okawaru
 23425 | D:13     | Reached skill level 17 in Fighting
 23837 | D:13     | Identified the ring "Juumneet" {AC+4 Str+2 Int+3 Dex-5}
 23943 | D:13     | Reached skill level 10 in Invocations
 24081 | D:13     | Reached skill level 1 in Armour
 24512 | D:14     | Noticed Azrael
 25265 | Lair:5   | Identified the +2 pair of gloves of Lethargy {Harm *Slow
                  | +Blink Str+3 Stlth+} (Okawaru gifted it to you on level 5
                  | of the Lair of Beasts)
 25265 | Lair:5   | Received a gift from Okawaru
 26551 | Lair:5   | Found a large runed translucent door.
 26642 | Lair:5   | Reached skill level 18 in Fighting
 26645 | Lair:5   | Found a large runed translucent door.
 26899 | Lair:5   | Identified the +1 hand axe of Xiuvuibi {venom, rF+ Int+3}
 27427 | D:14     | Killed Azrael
 27926 | D:14     | Noticed Jorgrun
 27938 | D:14     | Killed Jorgrun
 27938 | D:14     | Identified the +0 robe of Indomitability {Contam rPois
                  | rN+++ Str-5} (Okawaru gifted it to you on level 14 of the
                  | Dungeon)
 27938 | D:14     | Received a gift from Okawaru
 27939 | D:14     | Gained mutation: You are mostly covered in molten scales.
                  | (AC +3) [demonic ancestry]
 27939 | D:14     | Reached XP level 15. HP: 98/136 MP: 22/22
 28673 | D:15     | Entered Level 15 of the Dungeon
 29039 | D:15     | Paralysed by an orc sorcerer for 3 turns
 29509 | D:15     | Found a staircase to the Depths.
 29872 | D:15     | Reached skill level 5 in Armour
 30185 | D:15     | Identified a scroll of acquirement
 30199 | D:15     | Acquired 906 gold pieces
 30336 | D:15     | Found an iron altar of Okawaru.
 30571 | Orc:1    | Entered Level 1 of the Orcish Mines
 30773 | Orc:1    | Received a gift from Okawaru
 31095 | Orc:2    | Entered Level 2 of the Orcish Mines
 31253 | Orc:2    | Found a gate leading to a gauntlet.
 31265 | Gauntlet | Entered a Gauntlet
 31265 | Gauntlet | Found a transporter.
 31265 | Gauntlet | Found a transporter.
 31491 | Gauntlet | Found a transporter.
 31494 | Gauntlet | Found a transporter.
 31506 | Gauntlet | Found a transporter.
 31507 | Gauntlet | Found a transporter.
 31510 | Gauntlet | Found a runed translucent door.
 31512 | Gauntlet | Found a runed translucent door.
 31514 | Gauntlet | Found a transporter.
 31528 | Gauntlet | Found a runed translucent door.
 31531 | Gauntlet | Found a transporter.
 31533 | Gauntlet | Found a runed translucent door.
 31545 | Gauntlet | Found a transporter.
 31549 | Gauntlet | Found a transporter.
 31560 | Gauntlet | Found a transporter.
 31561 | Gauntlet | Found a transporter.
 31690 | Gauntlet | Reached skill level 19 in Fighting
 31692 | Gauntlet | Identified the ring of Plog {rElec Int+6 SInv}
 31747 | Gauntlet | Acquired a manual of Invocations
 31867 | Gauntlet | Identified the +1 cloak of Uqidusag {Str+3}
 31909 | Gauntlet | Identified the amulet "Ubaus" {Faith Rampage Dex+3}
 31960 | Gauntlet | Identified the +5 falchion "Conservator" {protect, rElec
                  | Dex+2}
 32152 | Orc:2    | Upgraded the game from 0.30-a0-1016-gfb0d676c02 to
                  | 0.30-a0-1043-g60ff8d5f49
 32158 | Orc:2    | Found a staircase to the Elven Halls.
 32692 | Orc:2    | Found Hudibi's Antique Weapon Emporium.
 32692 | Orc:2    | Found Jegul's Jewellery Shoppe.
 32693 | Orc:2    | Found Xadod's Assorted Antiques.
 32697 | Orc:2    | Found Lonapah's Jewellery Emporium.
 32709 | Orc:2    | Bought a scorched cloak for 256 gold pieces
 32709 | Orc:2    | Identified the +0 cloak of Eteu {-Cast rPois Regen+ Dex+3}
                  | (You bought it in a shop on level 2 of the Orcish Mines)
 32709 | Orc:2    | Bought a scroll of teleportation for 81 gold pieces
 32709 | Orc:2    | Bought 2 scrolls of identify for 108 gold pieces
 32711 | Orc:2    | Bought a scroll of identify for 54 gold pieces
 32711 | Orc:2    | Bought a scroll of teleportation for 81 gold pieces
 32979 | Spider:1 | Entered Level 1 of the Spider Nest
 33653 | Spider:1 | Noticed an emperor scorpion
 33667 | Spider:1 | Killed an emperor scorpion
 34046 | Spider:2 | Received a gift from Okawaru
 34113 | Spider:2 | Reached XP level 16. HP: 111/146 MP: 24/24
 34550 | Spider:2 | HP: 7/146 [redback (7)]
 34551 | Spider:2 | Mangled by a tarantella

Illustrated notes

Levels and vault maps discovered:
D:1:      dpeg_arrival_line_fractal, layout_loops_corners, serial_forest,
          infiniplex_forest_straight_5, infiniplex_forest_lined_2,
          infiniplex_forest_corner_1, infiniplex_forest_straight_3,
          infiniplex_forest_end_1, infiniplex_forest_3_way, dk_noncrumbling_2,
          minmay_hexomino_c4
D:2:      layout_loops_cross, uniq_crazy_yiuf_cottage
D:3:      minmay_evil_eye, layout_basic
D:4:      layout_loops_cross
D:5:      layout_gridville, mainiacjoe_overflow_concentric_impassable,
          overflow_temple_1_default, minmay_temple_entry_nine_rooms,
          serial_glass, glass_columns_a, glass_columns_b, glass_columns_a,
          glass_columns_c, glass_columns_a, glass_columns_a, glass_columns_c,
          glass_columns_c, hangedman_abyss_or_decor_stabs
D:6:      layout_gridville, hellmonk_ghost_happy_afterlife
D:7:      layout_loops_ring, hellmonk_bongcloud_opening,
          minmay_misc_feat_diagonals, uniq_joseph
D:8:      minmay_angry_zag, layout_basic, st_stairs_7,
          kennysheep_generic_room_15, uniq_maurice
D:9:      layout_loops_ring, mainiacjoe_overflow_swirl, erik_lair_island,
          minmay_statue_bubble
D:10:     layout_cave_pools, uniq_nergalle
D:11:     layout_loops_cross
D:12:     layout_rooms, statue_in_the_mist_lemuel, minmay_hollow_rounded_squares
D:13:     minmay_triangles_in_corner, layout_cave_pods, david_vaults_4,
          minmay_liquid_box, chequers_big_river, nicolae_ashenzari_skybound
D:14:     layout_basic, uniq_jorgrun, uniq_azrael
D:15:     grunt_enter_depths_magical_seal, layout_cave_pods,
          okawaru_altar_gauntlet_db
Temple:   nicolae_temple_two_arcs
Lair:1:   layout_regular_city, serial_bayou_shore_b
Lair:2:   layout_long_grid, hellmonk_spider_entry_life_and_decay,
          grunt_megastairs_3, serial_bayou_shore_a
Lair:3:   layout_cave_pods, minmay_shoals_entry_hut, grunt_megastairs_4,
          lemuel_fruit_tree, serial_bayou_shore_b
Lair:4:   layout_regular_city, minmay_slime_entry_jelly_boxes, uniq_josephine,
          uniq_kirke
Lair:5:   cheibrodos_lair_end_hotspot, layout_cave_pods
Spider:1: nicolae_spider_mines_1
Spider:2: layout_spider_delve
Orc:1:    layout_diamond_mine
Orc:2:    st_orc_mages, layout_caves, gauntlet_entry_generic

Skill      XL: |  1  2  3  4  5  6  7  8  9 10 11 12 13 14 15 16 |
---------------+-------------------------------------------------+-----
Axes           | 3 4 5 6 7 9 11 12 14 15 16 | 16.8
Fighting       | 3 4 5 6 8 10 12 13 15 16 18 19 | 19.1
Invocations    | 4 6 9 10 11 12 | 12.0
Polearms       | 3 4 |  4.1
Armour         | 3 6 7 |  7.1
Dodging        | 4 |  4.9
Throwing       | |  1.7

Action                     |  1- 3 |  4- 6 |  7- 9 | 10-12 | 13-15 | 16-18 || total
---------------------------+-------+-------+-------+-------+-------+-------++-------
  Melee: War axe           |   104 |   159 |       |   102 |       |       ||   365
         Hand axe          |       |     7 |   319 |   395 |       |       ||   721
         Punch             |       |     3 |     1 |    11 |       |       ||    15
         Executioner's axe |       |       |       |   156 |   893 |    57 ||  1106
         Lance             |       |       |       |       |     1 |       ||     1
  Throw: Javelin           |       |     4 |     5 |     1 |       |       ||    10
         Throwing net      |       |     2 |       |     2 |       |       ||     4
         Boomerang         |       |       |       |    26 |     5 |       ||    31
 Invoke: Heroism           |       |       |       |     6 |    16 |     1 ||    23
         Finesse           |       |       |       |       |     1 |       ||     1
  Evoke: Wand              |       |       |    12 |    14 |     9 |       ||    35
    Use: Potion            |       |       |     4 |     2 |     7 |     4 ||    17
         Scroll            |       |       |    13 |     5 |    22 |     2 ||    42
   Stab: Paralysed         |       |       |    10 |       |       |       ||    10
         Invisible         |       |       |       |       |     3 |       ||     3
 Armour: Leather armour    |    34 |    34 |       |       |       |       ||    68
         Scale mail        |       |    60 |   146 |   237 |    34 |       ||   477
         Ring mail         |       |       |       |       |    98 |       ||    98
         Fire dragon scale |       |       |       |       |   116 |       ||   116
         Chain mail        |       |       |       |       |   209 |    30 ||   239
  Dodge: Dodged            |    79 |   124 |   141 |   289 |   533 |    52 ||  1218

Table legend: (Time is in decaauts)
 A = Elapsed time spent in this place.
 B = Non-inter-level travel time spent in this place.
 C = Inter-level travel time spent in this place.
 D = Time resting spent in this place.
 E = Time spent auto-exploring this place.
 F = Levels seen in this place.
 G = Mean time per level.
                   A        B        C        D        E       F      G
               +--------+--------+--------+--------+--------+-----+--------+
         Total |  34306 |  30348 |   3958 |   5600 |  19328 |  26 | 1319.5 |
       Dungeon |  22486 |  19974 |   2512 |   4327 |  12337 |  15 | 1499.1 |
        Temple |    146 |    114 |     32 |      0 |    106 |   1 |  146.0 |
          Lair |   8494 |   7374 |   1120 |    925 |   5212 |   5 | 1698.8 |
   Spider Nest |    934 |    845 |     89 |    131 |    471 |   2 |  467.0 |
  Orcish Mines |   1536 |   1332 |    204 |    104 |    910 |   2 |  768.0 |
      Gauntlet |    709 |    709 |      0 |    113 |    292 |   1 |  709.0 |
               +--------+--------+--------+--------+--------+-----+--------+

Top non-repeatable levels by time:
     D:9: 3311 daAuts
    D:13: 2537 daAuts
  Lair:5: 2190 daAuts
  Lair:2: 1984 daAuts
    D:12: 1754 daAuts
    D:15: 1698 daAuts
  Lair:1: 1593 daAuts
    D:11: 1533 daAuts
  Lair:3: 1523 daAuts
     D:6: 1462 daAuts
     D:1: 1371 daAuts
    D:14: 1317 daAuts
     D:5: 1295 daAuts
     D:8: 1280 daAuts
  Lair:4: 1202 daAuts
